 Dungeon Sprint DCSS version 0.31-a0-18-gea43df2a32 (webtiles) character file.

Game seed: 9617619443533298396

1235 sircluck the Unseen (level 8, -18/78 HPs)
             Began as a Kobold Brigand on May 9, 2023.
             Was the Champion of Dithmenos.
             Demolished by an angel
             ... wielding a +1 whip of holy wrath
              (22 damage)
             ... in the Dungeon (Sprint VII: "The Pits").
             The game lasted 00:03:24 (1003 turns).

sircluck the Unseen (Kobold Brigand)                Turns: 1003, Time: 00:03:25

Health: -18/78     AC:  5    Str:  9    XL:     8   Next: 77%
Magic:  8/8        EV: 20    Int: 15    God:    Dithmenos [******]
Gold:   0          SH:  0    Dex: 18    Spells: 7/7 levels left

rFire   . . .        p - +2 dagger (drain)
rCold   . . .        (no shield)
rNeg    . . .        b - +0 robe
rPois   .            w - +0 helmet
rElec   .            c - +0 cloak
rCorr   .            (no gloves)
SInv    .            x - +0 pair of boots
Will    .....        (no amulet) Stlth
                     u - +3 ring of evasion
HPRegen 0.33/turn    r - +3 ring of intelligence
MPRegen 0.11/turn

%: no teleportation
@: berserking, very quick
A: small, no large weapons, nightstalker 3
a: Renounce Religion, Shadow Step, Shadow Form


You were in the Dungeon.
You worshipped Dithmenos.
Dithmenos was exalted by your worship.
You visited 1 branch

Inventory:

Hand Weapons
 a - a +2 dagger
 p - a +2 dagger of draining (weapon)
 v - a +2 rapier of electrocution
Missiles
 d - 9 poisoned darts (quivered)
 e - 4 curare-tipped darts
 n - 2 silver boomerangs
 o - 10 stones
Armour
 b - a +0 robe (worn)
 c - a +0 cloak (worn)
 w - a +0 helmet (worn)
 x - a +0 pair of boots (worn)
Jewellery
 r - a +3 ring of intelligence (right hand)
 u - a +3 ring of evasion (left hand)
Wands
 q - a wand of polymorph (3)
Scrolls
 k - a scroll of blinking
 m - 5 scrolls of amnesia
Potions
 f - 8 potions of curing
 g - 6 potions of heal wounds
 h - a potion of haste
 i - 4 potions of magic
 j - 3 potions of berserk rage
 l - 2 potions of invisibility
 s - 2 potions of resistance
 t - a potion of might


   Skills:
 + Level 6.9 Fighting
 + Level 10.4 Short Blades
 + Level 5.4 Throwing
 + Level 5.0 Dodging
 + Level 20.0 Stealth


You had 7 spell levels left.
You didn't know any spells.
Your spell library was empty.

Dungeon Overview and Level Annotations

Branches:
Dungeon (1/1)

Altars:
Ashenzari
Cheibriados
Dithmenos
Elyvilon
Fedhas
Gozag
Hepliaklqana
Kikubaaqudgha
Makhleb
Nemelex Xobeh
Okawaru
Qazlal
Ru
Sif Muna
Trog
Uskayaw
Vehumet
Wu Jian
Xom
Yredelemnul
Zin
The Shining One
Jiyva
Lugonu

Annotations:
D Sonja


Innate Abilities, Weirdness & Mutations

You are small and have problems with some larger weapons.
You are completely attuned to the shadows.


Message History

The angel hits you but does no damage.
Unknown command.
You puncture the angel!
The angel is lightly wounded.
You hit the angel but do no damage.
The angel is lightly wounded.
Your shadow closely misses the angel.
The angel hits you with a +1 whip of holy wrath.
The angel closely misses you.
You miss the angel.
The angel is lightly wounded.
You puncture the angel!
The angel is lightly wounded.
The angel hits you with a +1 whip of holy wrath!
The angel hits you with a +1 whip of holy wrath.
You closely miss the angel.
The angel is lightly wounded.
You completely miss the angel.
The angel is lightly wounded.
The angel closely misses you.
The angel hits you with a +1 whip of holy wrath!
You closely miss the angel.
The angel is lightly wounded.
Your shadow hits the angel but does no damage.
You hit the angel.
The angel is moderately wounded.
The angel hits you with a +1 whip of holy wrath!!
* * * LOW HITPOINT WARNING * * *
The angel hits you with a +1 whip of holy wrath!
* * * LOW HITPOINT WARNING * * *
You hit the angel but do no damage.
The angel is moderately wounded.
Your shadow hits the angel but does no damage.
You hit the angel but do no damage.
The angel is moderately wounded.
You puncture the angel!
The angel is moderately wounded.
Your shadow completely misses the angel.
The angel hits you with a +1 whip of holy wrath!!
You die...

..........# ..#....#..#
+..........##.......
#..........##.......
######..#....#..##..#..#.
....''..........##.......
....''..........##...GA..
##..##..#....#..##''#''#.
#..##..........@'..#.A#
#..##..........A'..#.E#
#..####++####++########
#..# #..# ##..# ....#
....# #####


You could see an angel.

Vanquished Creatures
  A hellwing (D)
  A fire bat (D)
  Edmund (D)
  An orc warrior (D)
  A sky beast (D)
  A floating eye (D)
  A phantom (D)
  A kobold brigand (D)
  A scorpion (D)
  3 wights (D)
  A gnoll (D)
  6 orcs (D)
  A bat (D)
  An endoplasm (D)
  A goblin (D)
  A hobgoblin (D)
  2 jackals (D)
  A quokka (D)
  A ball python zombie (D)
  A frilled lizard (D)
  A quokka zombie (D)
29 creatures vanquished.

Vanquished Creatures (collateral kills)
  2 wights (D)
  A jackal (D)
3 creatures vanquished.

Grand Total: 32 creatures vanquished

Notes
Turn   | Place    | Note
-------+----------+-------------------------------------------
     0 | D        | sircluck the Kobold Brigand began the quest for the Orb.
     0 | D        | Reached XP level 1. HP: 12/12 MP: 1/1
    17 | D        | Reached skill level 6 in Stealth
    54 | D        | Found a bloodstained altar of Trog.
    54 | D        | Found a shimmering blue altar of Sif Muna.
    54 | D        | Found a viscous altar of Jiyva.
    54 | D        | Found a hazy altar of Hepliaklqana.
    54 | D        | Found an opulent altar of Gozag.
    55 | D        | Found a glowing golden altar of the Shining One.
    55 | D        | Found a glowing silver altar of Zin.
    55 | D        | Found a sacrificial altar of Ru.
    55 | D        | Found a stormy altar of Qazlal.
    55 | D        | Found a blossoming altar of Fedhas.
    58 | D        | Found an iron altar of Okawaru.
    58 | D        | Found a basalt altar of Yredelemnul.
    58 | D        | Found a white marble altar of Elyvilon.
    59 | D        | Found a sparkling altar of Nemelex Xobeh.
    59 | D        | Found a shimmering altar of Xom.
    59 | D        | Found a shadowy altar of Dithmenos.
    60 | D        | Found a burning altar of Makhleb.
    60 | D        | Found an ornate altar of the Wu Jian Council.
    60 | D        | Found a snail-covered altar of Cheibriados.
    61 | D        | Found a corrupted altar of Lugonu.
    61 | D        | Found a radiant altar of Vehumet.
    62 | D        | Found an ancient bone altar of Kikubaaqudgha.
    62 | D        | Found a hide-covered altar of Uskayaw.
    62 | D        | Found a broken altar of Ashenzari.
    69 | D        | Became a worshipper of Dithmenos the Shadowed
    98 | D        | Noticed a floating eye
   100 | D        | Paralysed by a floating eye for 3 turns
   107 | D        | Killed a floating eye
   108 | D        | Reached skill level 11 in Stealth
   108 | D        | Reached XP level 2. HP: 19/19 MP: 2/2
   108 | D        | Reached XP level 3. HP: 23/23 MP: 3/3
   108 | D        | Reached XP level 4. HP: 28/28 MP: 4/4
   112 | D        | Reached * piety under Dithmenos
   125 | D        | Reached XP level 5. HP: 32/32 MP: 5/5
   128 | D        | Reached ** piety under Dithmenos
   183 | D        | Noticed an orc warrior
   185 | D        | Reached *** piety under Dithmenos
   188 | D        | Reached skill level 5 in Short Blades
   188 | D        | Reached skill level 13 in Stealth
   188 | D        | Noticed Edmund
   189 | D        | Killed an orc warrior
   190 | D        | Reached skill level 15 in Stealth
   190 | D        | Reached XP level 6. HP: 39/39 MP: 6/6
   315 | D        | Reached **** piety under Dithmenos
   355 | D        | Reached skill level 16 in Stealth
   355 | D        | Reached XP level 7. HP: 19/44 MP: 7/7
   369 | D        | Reached skill level 5 in Fighting
   371 | D        | Killed Edmund
   371 | D        | Reached ***** piety under Dithmenos
   372 | D        | Reached skill level 5 in Throwing
   372 | D        | Reached skill level 17 in Stealth
   512 | D        | Reached skill level 18 in Stealth
   513 | D        | Noticed a hellwing
   515 | D        | Killed a hellwing
   516 | D        | Reached XP level 8. HP: 51/51 MP: 8/8
   517 | D        | Noticed a fire bat
   520 | D        | Reached skill level 19 in Stealth
   521 | D        | Killed a fire bat
   521 | D        | Reached ****** piety under Dithmenos
   522 | D        | Reached skill level 10 in Short Blades
   588 | D        | Noticed a lindwurm
   589 | D        | Noticed Sonja
   712 | D        | Reached skill level 5 in Dodging
   712 | D        | Reached skill level 20 in Stealth
   983 | D        | Noticed a fire elemental
   983 | D        | Noticed an ophan
   983 | D        | Noticed an angel
  1003 | D        | Demolished by an angel

Illustrated notes

Levels and vault maps discovered:
D:        pitsprint [storerooms_1, entrance_room_1, metal_vault_3, armoury_2,
          mini_pit_1, grid_room_1, main_hall_1, silver_pit, the_coven_3,
          the_vestibule_1, steel_vault_3, golden_pit, hallway_of_sentries,
          crystal_vault_1, iron_vault_2, final_vault]

Skill      XL: |  1  2  3  4  5  6  7  8 |
---------------+-------------------------+-----
Stealth        | 11 15 16 18 20 | 20.0
Fighting       | 3 4 6 |  6.9
Short Blades   | 4 6 7 9 10 | 10.4
Throwing       | 3 4 5 |  5.4
Dodging        | 2 4 5 |  5.0

Action                     |  1- 3 |  4- 6 |  7- 9 || total
---------------------------+-------+-------+-------++-------
  Melee: Dagger            |    11 |    45 |    53 ||   109
         Punch             |       |     2 |     4 ||     6
  Throw: Dart              |       |       |     5 ||     5
    Use: Potion            |       |     2 |     2 ||     4
         Scroll            |       |     1 |       ||     1
   Stab: Sleeping          |     1 |     7 |     4 ||    12
 Armour: Robe              |     1 |     4 |     3 ||     8
  Dodge: Dodged            |     2 |    32 |    16 ||    50

Table legend: (Time is in decaauts)
 A = Elapsed time spent in this place.
 B = Non-inter-level travel time spent in this place.
 C = Inter-level travel time spent in this place.
 D = Time resting spent in this place.
 E = Time spent auto-exploring this place.
 F = Levels seen in this place.
 G = Mean time per level.
                   A        B        C        D        E       F      G
               +--------+--------+--------+--------+--------+-----+--------+
         Total |    966 |    954 |     12 |    306 |    282 |   1 |  966.0 |
       Dungeon |    966 |    954 |     12 |    306 |    282 |   1 |  966.0 |
               +--------+--------+--------+--------+--------+-----+--------+

Top non-repeatable levels by time:
       D: 966 daAuts
